 Dungeon Crawl Stone Soup version 0.26.1-11-gd32895ea62 (webtiles) character file.

Game seed: 12049420635152435836

916 tardwrangler69 the Spear-Bearer (level 8, -3/64 HPs)
             Began as a Merfolk Gladiator on Apr 27, 2021.
             Was a Follower of Okawaru.
             Slain by an orc
             ... wielding a +0 war axe
              (9 damage)
             ... on level 5 of the Dungeon.
             The game lasted 00:05:23 (6140 turns).

tardwrangler69 the Spear-Bearer (Merfolk Gladiator) Turns: 6140, Time: 00:05:24

Health: -3/64      AC: 10    Str: 17    XL:     8   Next: 9%
Magic:  8/8        EV: 14    Int:  7    God:    Okawaru [*.....]
Gold:   241        SH:  0    Dex: 15    Spells: 7/7 levels left

rFire    . . .     SeeInvis .   a - +1 trident
rCold    . . .     Faith    .   (no shield)
rNeg     . . .     Spirit   .   b - +0 leather armour
rPois    .         Reflect  .   c - +0 helmet
rElec    .         Harm     .   m - scarf {repulsion}
rCorr    .         Rampage  .   q - +1 pair of gloves
Will     .....                  (no boots)
Stlth    +.........             (no amulet)
HPRegen  0.20/turn              j - +4 ring of protection
MPRegen  0.11/turn              (no ring)

@: repel missiles
A: change form in water, swift swim, stealthy swim
a: Renounce Religion, Heroism


You were on level 5 of the Dungeon.
You worshipped Okawaru.
Okawaru was aware of your devotion.
You visited 1 branch of the dungeon, and saw 6 of its levels.

You collected 241 gold pieces.

Inventory:

Hand Weapons
 a - a +1 trident (weapon)
Missiles
 d - 3 throwing nets (quivered)
 g - 24 poisoned darts
Armour
 b - a +0 leather armour (worn)
 c - a +0 helmet (worn)
 m - a scarf of repulsion (worn)
 q - a +1 pair of gloves (worn)
Jewellery
 j - a +4 ring of protection (left hand)
 p - an uncursed ring of ice
Scrolls
 e - a scroll of magic mapping
 f - 3 scrolls of identify
 i - a scroll of blinking
 n - a scroll of remove curse
Potions
 h - 2 potions of attraction
 k - a potion of berserk rage
 o - 4 potions of brilliance
 r - a potion of resistance {unknown}
 s - a potion of heal wounds {unknown}
 t - a potion of degeneration {unknown}
 u - a potion of haste {unknown}
 v - a potion of flight {unknown}


   Skills:
 + Level 6.0 Fighting
 * Level 11.2 Polearms
 - Level 2.0 Throwing
 - Level 4.0 Dodging


You had 7 spell levels left.
You didn't know any spells.
Your spell library was empty.

Dungeon Overview and Level Annotations

Branches:
Dungeon (6/15)
 Temple: D:4-7

Altars:
Dithmenos
Gozag
Okawaru
Sif Muna
Trog
Uskayaw
Xom

Shops:
D:5 (


Message History

You kill the orc!
Okawaru accepts your kill.
You hit the orc wizard.
The orc wizard is moderately wounded.
You hit the orc wizard.
The orc wizard is severely wounded.
The orc wizard hits you but does no damage.
You hit the orc wizard but do no damage.
The orc wizard is severely wounded.
The orc wizard barely misses you. The orc hits you with a +0 war axe.
* * * LOW HITPOINT WARNING * * *
You closely miss the orc wizard.
The orc wizard is severely wounded.
The orc wizard gestures wildly while chanting.
The orc wizard blinks!
The orc wizard points at you and mumbles some strange words.
The magic dart hits you.
* * * LOW HITPOINT WARNING * * *
You closely miss the orc. The orc hits you with a +0 war axe!
You die...

.##......#..##.....##.(##
.#..........#..........#
.........#............##
......##.##...........#
#......#.#...(.>......###
#.......................#
#................##...###
..............##o##.###
#..............ยง@.###
#..###............##
...##....#...#.....#
..###...###..#.o...##
#.#.....##...#......#
#.......##.####....##
###..##..#.##.#....#
.#...##..#.....#...#
......#........#.[.#


You could see an orc wizard (fast) and an orc.

Vanquished Creatures
  2 ogres (D:4)
  A bullfrog (D:5)
  A scorpion (D:2)
  2 howler monkeys (D:4)
  A bullfrog zombie (D:3)
  4 crimson imps (D:4)
  2 orc priests
  An iguana (D:3)
  3 worker ants (D:4)
  A howler monkey skeleton (D:4)
  4 gnolls (D:2)
  9 adders
  An ooze (D:4)
  3 worms
  4 dart slugs
  3 leopard geckos
  6 orcs
  3 giant cockroaches
  10 goblins
  7 hobgoblins
  2 quokkas
  3 ball pythons
  10 bats
  A frilled lizard (D:1)
  7 kobolds
  6 rats
97 creatures vanquished.

Notes
Turn   | Place    | Note
-------+----------+-------------------------------------------
     0 | D:1      | tardwrangler69 the Merfolk Gladiator began the quest for
                  | the Orb.
     0 | D:1      | Reached XP level 1. HP: 16/16 MP: 1/1
    90 | D:1      | Reached XP level 2. HP: 23/23 MP: 2/2
    97 | D:1      | Reached skill level 5 in Polearms
   800 | D:2      | Reached XP level 3. HP: 21/28 MP: 3/3
  1537 | D:2      | Reached skill level 6 in Polearms
  1759 | D:2      | Noticed a scorpion
  1772 | D:2      | Killed a scorpion
  1773 | D:2      | Reached XP level 4. HP: 14/35 MP: 4/4
  1928 | D:2      | Reached skill level 7 in Polearms
  1937 | D:2      | Reached XP level 5. HP: 26/41 MP: 5/5
  3232 | D:3      | Found an opulent altar of Gozag.
  3487 | D:3      | Reached skill level 8 in Polearms
  3487 | D:3      | Reached XP level 6. HP: 30/48 MP: 6/6
  3610 | D:3      | Found a hide-covered altar of Uskayaw.
  3610 | D:3      | Found a bloodstained altar of Trog.
  3856 | D:3      | Found an iron altar of Okawaru.
  3865 | D:3      | Became a worshipper of Warmaster Okawaru
  4227 | D:4      | Found a shimmering altar of Xom.
  4278 | D:4      | Reached skill level 9 in Polearms
  4293 | D:4      | Reached XP level 7. HP: 24/55 MP: 7/7
  4468 | D:4      | Reached skill level 5 in Fighting
  4751 | D:4      | Reached skill level 10 in Polearms
  4928 | D:4      | Reached * piety under Okawaru
  5349 | D:4      | Found a shimmering blue altar of Sif Muna.
  5351 | D:4      | Found a shadowy altar of Dithmenos.
  5537 | D:5      | Entered Level 5 of the Dungeon
  5537 | D:5      | Found Fetan's Weapon Shoppe.
  5804 | D:5      | Reached skill level 11 in Polearms
  5804 | D:5      | Reached XP level 8. HP: 55/64 MP: 8/8
  5857 | D:5      | Found a shimmering altar of Xom.
  6140 | D:5      | Slain by an orc

Illustrated notes

Levels and vault maps discovered:
D:1:      wander_arrival_peaceful_grave, layout_loops_cross,
          minmay_misc_feat_four_crosses
D:2:      minmay_chambers_of_ones, layout_loops_corners, st_stairs_3,
          minivault_5, kennysheep_decorative_pillar
D:3:      layout_loops_corners, grunt_gozag_breadcrumbs,
          okawaru_metal_pillars_1_2, amethyst_overflow_temple_binary,
          portal_sewer_entry_d, serial_park_tiny_1
D:4:      layout_cave_pools, gammafunk_temple_overflow_pools, led_xom_imps
D:5:      layout_cave_pools, old_standard_altar, serial_shops,
          nicolae_shop_trees, nrook_loot_triangle
D:6:      layout_cave_pools, makhleb_grotto_becter,
          nicolae_overflow_hidden_temple, fedhas_ov_isle_minmay

Skill      XL: |  1  2  3  4  5  6  7  8 |
---------------+-------------------------+-----
Polearms       | 5 6 7 8 9 11 | 11.2
Fighting       | 3 4 5 6 |  6.0
Throwing       | |  2.0
Dodging        | |  4.0

Action                   |  1- 3 |  4- 6 |  7- 9 || total
-------------------------+-------+-------+-------++-------
Melee: Trident           |   132 |   225 |   103 ||   460
  Use: Potion            |     2 |     1 |       ||     3
       Scroll            |       |       |     8 ||     8
 Stab: Sleeping          |     2 |     4 |       ||     6
Armor: Leather armour    |    25 |    59 |    22 ||   106
Dodge: Dodged            |    77 |   112 |    49 ||   238
